[ AOE2 MATCH · #479809692 ]
UnrankedLithuanians vs Mongols
Rival team · WIN
[ REPLAY ANALYSIS · EXTRACTED FROM THE RECORDED GAME ]
Feudal
11:09
Castle
14:42
Imperial
31:57
| APM avg | 31.6 |
| APM peak | 63 |
| eAPM avg | 20.6 |
| Villagers / military | 152 / 244 |
Focus
⚔️ 33.8% · 🌾 66.2%
Skirmisher ×148 · Knight ×47 · Scout Cavalry ×41 · Trebuchet (Packed) ×3 · Monk ×2 · Bombard Cannon ×2
Feudal
9:16
Castle
14:48
Imperial
31:12
| APM avg | 24.9 |
| APM peak | 59 |
| eAPM avg | 13.8 |
| Villagers / military | 139 / 225 |
Focus
⚔️ 28.6% · 🌾 71.4%
Scout Cavalry ×144 · Mangudai ×67 · Spearman ×5 · Trebuchet (Packed) ×5 · Monk ×4
Match map
Initial resources + every placement click. Lines = walls · curves = elevation contours. ◆ gold · ⬟ stone · ● berries · ✦ relic · ◌ wall gap
Your base· ✓ Closed at 14:42 · 0t walls · 2 gate(s)
一艘不靠岸的船's base· ✓ Closed at 14:48 · 0t walls · 3 gate(s)
Smoothed initial terrain · ◌ = detected wall gap · hover for details
Inputs per minute
— ponyta - - 一艘不靠岸的船
Build order — ponyta
First 150 of 488 actions detected
| 0:01 | Create | Villager (Male) |
| 0:01 | Create | Villager (Male) |
| 0:02 | Build | House |
| 0:04 | Build | House |
| 0:30 | Create | Villager (Male) |
| 0:30 | Create | Villager (Male) |
| 0:30 | Create | Villager (Male) |
| 0:35 | Create | Villager (Male) |
| 1:43 | Create | Villager (Male) |
| 1:46 | Build | Lumber Camp |
| 2:09 | Create | Villager (Male) |
| 2:16 | Create | Villager (Male) |
| 3:03 | Create | Villager (Male) |
| 3:03 | Create | Villager (Male) |
| 3:34 | Build | House |
| 4:12 | Build | Mill |
| 4:17 | Create | Villager (Male) |
| 4:17 | Create | Villager (Male) |
| 5:09 | Create | Villager (Male) |
| 5:09 | Create | Villager (Male) |
| 5:48 | Create | Villager (Male) |
| 5:48 | Create | Villager (Male) |
| 5:55 | Build | House |
| 7:19 | Create | Villager (Male) |
| 7:19 | Create | Villager (Male) |
| 7:55 | Build | Farm |
| 7:59 | Build | Farm |
| 8:05 | Create | Villager (Male) |
| 8:29 | Create | Villager (Male) |
| 8:31 | Research | Feudal Age |
| 8:46 | Build | Mining Camp |
| 8:50 | Create | Villager (Male) |
| 8:51 | Create | Villager (Male) |
| 8:55 | Build | Farm |
| 8:58 | Build | Farm |
| 9:30 | Build | House |
| 9:58 | Build | Farm |
| 11:09 | Age | Feudal Age |
| 11:15 | Build | Blacksmith |
| 11:17 | Build | Market |
| 11:26 | Build | House |
| 11:48 | Research | Double-Bit Axe |
| 12:02 | Research | Castle Age |
| 12:13 | Research | Horse Collar |
| 13:09 | Build | Barracks |
| 13:39 | Build | Farm |
| 13:43 | Build | Farm |
| 13:49 | Create | Villager (Male) |
| 14:04 | Build | Stable |
| 14:20 | Create | Spearman |
| 14:28 | Build | Farm |
| 14:42 | Age | Castle Age |
| 15:00 | Build | Monastery |
| 15:21 | Create | Scout Cavalry |
| 15:22 | Research | Bloodlines |
| 15:22 | Research | Husbandry |
| 15:44 | Create | Monk |
| 16:19 | Build | Town Center |
| 16:37 | Research | Light Cavalry (upgrade) |
| 16:43 | Create | Villager (Male) |
| 16:49 | Research | Bow Saw |
| 16:51 | Build | House |
| 16:53 | Build | House |
| 16:58 | Build | House |
| 16:59 | Build | House |
| 17:10 | Create | Villager (Male) |
| 17:50 | Create | Scout Cavalry |
| 18:13 | Create | Monk |
| 18:20 | Build | Town Center |
| 18:23 | Create | Villager (Male) |
| 18:23 | Create | Villager (Male) |
| 18:33 | Create | Scout Cavalry |
| 19:22 | Create | Villager (Male) |
| 19:23 | Create | Villager (Male) |
| 19:23 | Create | Villager (Male) |
| 19:23 | Create | Villager (Male) |
| 19:56 | Create | Villager (Male) |
| 19:56 | Create | Villager (Male) |
| 19:57 | Create | Villager (Male) |
| 20:04 | Create | Villager (Male) |
| 20:06 | Build | Lumber Camp |
| 20:13 | Build | Farm |
| 20:14 | Build | Farm |
| 20:15 | Build | Farm |
| 20:20 | Create | Villager (Male) |
| 20:45 | Build | Lumber Camp |
| 20:56 | Build | Farm |
| 20:57 | Build | Farm |
| 20:58 | Build | Farm |
| 21:01 | Build | Farm |
| 21:27 | Build | House |
| 21:28 | Build | House |
| 21:55 | Create | Villager (Male) |
| 21:55 | Create | Villager (Male) |
| 21:55 | Create | Villager (Male) |
| 22:02 | Create | Villager (Male) |
| 22:02 | Create | Villager (Male) |
| 22:02 | Create | Villager (Male) |
| 22:13 | Build | House |
| 22:17 | Build | Farm |
| 22:20 | Create | Villager (Male) |
| 22:20 | Create | Villager (Male) |
| 22:21 | Create | Villager (Male) |
| 22:24 | Build | Farm |
| 22:26 | Build | Farm |
| 22:27 | Build | Farm |
| 22:28 | Build | Farm |
| 22:29 | Build | Farm |
| 22:30 | Build | Farm |
| 22:33 | Create | Villager (Male) |
| 22:39 | Build | Town Center |
| 22:52 | Create | Villager (Male) |
| 22:52 | Create | Villager (Male) |
| 23:08 | Build | House |
| 23:19 | Create | Villager (Male) |
| 23:19 | Create | Villager (Male) |
| 23:19 | Create | Villager (Male) |
| 23:23 | Build | House |
| 23:24 | Build | University |
| 23:33 | Create | Villager (Male) |
| 23:33 | Create | Villager (Male) |
| 23:40 | Build | Farm |
| 23:46 | Build | Farm |
| 23:47 | Build | Farm |
| 23:52 | Build | Farm |
| 23:56 | Build | Farm |
| 23:58 | Build | Farm |
| 24:00 | Create | Villager (Male) |
| 24:00 | Create | Villager (Male) |
| 24:20 | Research | Heavy Plow |
| 24:24 | Create | Villager (Male) |
| 24:24 | Create | Villager (Male) |
| 24:27 | Create | Villager (Male) |
| 24:36 | Build | Farm |
| 24:37 | Build | Farm |
| 24:38 | Build | Farm |
| 24:41 | Build | Farm |
| 24:52 | Build | Mill |
| 24:53 | Build | Farm |
| 24:54 | Build | Farm |
| 24:55 | Build | Farm |
| 24:56 | Build | Farm |
| 24:59 | Create | Villager (Male) |
| 24:59 | Create | Villager (Male) |
| 25:00 | Create | Villager (Male) |
| 25:07 | Research | Gold Mining |
| 25:09 | Build | House |
| 25:10 | Build | House |
| 25:12 | Build | House |
| 25:13 | Build | House |
Build order — 一艘不靠岸的船
First 150 of 387 actions detected
| 0:00 | Create | Villager (Male) |
| 0:01 | Create | Villager (Male) |
| 0:01 | Create | Villager (Male) |
| 0:02 | Create | Villager (Male) |
| 0:02 | Build | House |
| 0:04 | Build | House |
| 1:27 | Create | Villager (Male) |
| 1:27 | Create | Villager (Male) |
| 2:02 | Create | Villager (Male) |
| 2:03 | Create | Villager (Male) |
| 2:22 | Create | Villager (Male) |
| 2:23 | Create | Villager (Male) |
| 2:42 | Create | Villager (Male) |
| 2:42 | Create | Villager (Male) |
| 2:52 | Build | House |
| 2:53 | Build | House |
| 2:57 | Build | Lumber Camp |
| 3:17 | Create | Villager (Male) |
| 3:30 | Create | Villager (Male) |
| 3:30 | Create | Villager (Male) |
| 4:11 | Create | Villager (Male) |
| 4:11 | Create | Villager (Male) |
| 4:46 | Create | Villager (Male) |
| 5:03 | Create | Villager (Male) |
| 5:23 | Create | Villager (Male) |
| 5:38 | Create | Villager (Male) |
| 6:15 | Create | Villager (Male) |
| 6:28 | Build | Mill |
| 7:02 | Research | Feudal Age |
| 8:14 | Build | House |
| 8:17 | Build | House |
| 8:36 | Create | Villager (Male) |
| 8:36 | Create | Villager (Male) |
| 9:16 | Age | Feudal Age |
| 9:18 | Research | Double-Bit Axe |
| 9:44 | Build | Market |
| 10:03 | Create | Villager (Male) |
| 10:25 | Create | Villager (Male) |
| 10:29 | Build | Blacksmith |
| 10:43 | Build | Farm |
| 10:53 | Create | Villager (Male) |
| 11:15 | Create | Villager (Male) |
| 11:32 | Build | Farm |
| 11:44 | Build | Farm |
| 12:01 | Build | Farm |
| 12:08 | Research | Castle Age |
| 12:08 | Research | Castle Age |
| 12:19 | Build | Mining Camp |
| 12:38 | Build | Farm |
| 12:49 | Research | Horse Collar |
| 13:12 | Build | Farm |
| 13:55 | Build | Barracks |
| 13:58 | Create | Villager (Male) |
| 13:59 | Create | Villager (Male) |
| 14:48 | Age | Castle Age |
| 14:50 | Build | Monastery |
| 14:54 | Create | Villager (Male) |
| 14:59 | Create | Spearman |
| 15:01 | Create | Spearman |
| 15:15 | Build | Town Center |
| 15:27 | Create | Monk |
| 15:56 | Create | Villager (Male) |
| 16:02 | Build | House |
| 16:14 | Create | Villager (Male) |
| 16:17 | Create | Monk |
| 16:34 | Create | Villager (Male) |
| 16:34 | Create | Villager (Male) |
| 16:35 | Create | Villager (Male) |
| 16:54 | Build | Town Center |
| 17:03 | Create | Monk |
| 17:06 | Build | House |
| 17:07 | Build | House |
| 17:08 | Build | House |
| 17:09 | Build | House |
| 17:42 | Create | Villager (Male) |
| 17:44 | Create | Villager (Male) |
| 17:44 | Create | Villager (Male) |
| 17:52 | Build | Farm |
| 17:55 | Build | Farm |
| 17:56 | Create | Spearman |
| 18:41 | Create | Villager (Male) |
| 18:41 | Create | Villager (Male) |
| 18:50 | Build | Farm |
| 18:51 | Build | Farm |
| 18:52 | Build | Farm |
| 18:53 | Build | Farm |
| 18:55 | Build | Farm |
| 18:56 | Build | Farm |
| 18:57 | Build | Farm |
| 19:04 | Create | Villager (Male) |
| 19:33 | Create | Villager (Male) |
| 19:34 | Create | Villager (Male) |
| 19:37 | Build | Farm |
| 19:39 | Build | Farm |
| 19:41 | Build | Farm |
| 19:45 | Build | Farm |
| 19:47 | Create | Villager (Male) |
| 19:51 | Build | Farm |
| 19:52 | Build | Farm |
| 19:54 | Build | Farm |
| 19:55 | Build | Farm |
| 20:03 | Create | Monk |
| 20:05 | Create | Spearman |
| 20:39 | Create | Villager (Male) |
| 20:40 | Create | Villager (Male) |
| 20:41 | Create | Villager (Male) |
| 21:11 | Create | Villager (Male) |
| 21:11 | Create | Villager (Male) |
| 21:12 | Create | Villager (Male) |
| 21:13 | Create | Villager (Male) |
| 21:14 | Create | Villager (Male) |
| 21:14 | Create | Villager (Male) |
| 21:21 | Build | Farm |
| 21:23 | Build | Farm |
| 21:26 | Build | Farm |
| 21:29 | Build | Farm |
| 21:30 | Build | Farm |
| 21:40 | Create | Villager (Male) |
| 21:41 | Create | Villager (Male) |
| 21:42 | Create | Villager (Male) |
| 21:44 | Create | Villager (Male) |
| 22:02 | Create | Villager (Male) |
| 22:04 | Create | Villager (Male) |
| 22:05 | Create | Villager (Male) |
| 22:26 | Build | Town Center |
| 22:30 | Create | Villager (Male) |
| 22:30 | Create | Villager (Male) |
| 22:31 | Create | Villager (Male) |
| 22:34 | Create | Villager (Male) |
| 22:35 | Create | Villager (Male) |
| 22:35 | Create | Villager (Male) |
| 22:40 | Build | Mill |
| 22:42 | Build | Farm |
| 22:43 | Build | Farm |
| 22:44 | Build | Farm |
| 22:46 | Build | Farm |
| 22:58 | Create | Villager (Male) |
| 23:03 | Research | Wheelbarrow |
| 23:15 | Build | House |
| 23:17 | Build | House |
| 23:17 | Build | House |
| 23:20 | Build | House |
| 23:24 | Create | Spearman |
| 23:37 | Create | Villager (Male) |
| 23:38 | Create | Villager (Male) |
| 23:38 | Create | Villager (Male) |
| 23:40 | Create | Villager (Male) |
| 23:40 | Create | Villager (Male) |
| 23:45 | Build | Mining Camp |
| 24:11 | Create | Villager (Male) |
Match timeline
| 9:16 | 一艘不靠岸的船 · age_up feudal |
| 11:01 | 一艘不靠岸的船 · first_market_sell 100 wood |
| 11:09 | ponyta · age_up feudal |
| 13:09 | ponyta · first_building Barracks |
| 13:55 | 一艘不靠岸的船 · first_building Barracks |
| 14:04 | ponyta · first_building Stable |
| 14:42 | ponyta · age_up castle |
| 14:48 | 一艘不靠岸的船 · age_up castle |
| 14:50 | 一艘不靠岸的船 · first_building Monastery |
| 15:00 | ponyta · first_building Monastery |
| 15:42 | ponyta · first_market_sell 100 food |
| 22:16 | 一艘不靠岸的船 · first_market_buy 100 stone |
| 25:43 | ponyta · first_building Archery Range |
| 26:43 | 一艘不靠岸的船 · first_building Castle |
| 28:44 | 一艘不靠岸的船 · first_building Archery Range |
| 28:46 | 一艘不靠岸的船 · first_building Stable |
| 31:12 | 一艘不靠岸的船 · age_up imperial |
| 31:57 | ponyta · age_up imperial |
| 32:46 | ponyta · first_building Castle |
| 37:13 | ponyta · first_building Siege Workshop |
| 45:56 | ponyta · resign |
[ AI ANALYSIS · 1 CREDIT ]
What really happened in this match?
Wolo.gg analyzes every decision: build order, eco, micro, common mistakes by bracket. Personalized analysis on WhatsApp or Discord in 30 seconds.
Civ guide
Lithuanians
Perfil
Jugador #762139